 Dungeon Crawl Stone Soup version 0.27-a0-1196-g3e9cee4 (webtiles) character file.

Game seed: 7174328337310016727

74 Meow the Sneak (level 4, 36/36 HPs)
             Began as a Naga Venom Mage on May 27, 2021.
             Quit the game on level 2 of the Dungeon.
             The game lasted 00:05:06 (1296 turns).

Meow the Sneak (Naga Venom Mage)                    Turns: 1296, Time: 00:05:07

Health: 36/36      AC:  5    Str: 10    XL:     4   Next: 28%
Magic:  6/8        EV: 10    Int: 16    God:
Gold:   64         SH:  0    Dex: 12    Spells: 2/9 levels left

rFire    . . .     SeeInvis +   a - +0 mace
rCold    . . .     Faith    .   (no shield)
rNeg     . . .     Spirit   .   b - +0 robe
rPois    +         Reflect  .   (no helmet)
rElec    .         Harm     .   (no cloak)
rCorr    .         Rampage  .   i - +2 pair of gloves
Will     .....                  (no barding)
Stlth    +++.......             (no amulet)
HPRegen  0.12/turn              (no ring)
MPRegen  0.11/turn              (no ring)

@: very slow
A: AC +1, large, see invisible, deformed body, poison resistance, slowness 2,
spit poison 1, naga tail 1
a: Spit Poison


You were on level 2 of the Dungeon.
You visited 1 branch of the dungeon, and saw 2 of its levels.

You collected 64 gold pieces.

Inventory:

Hand Weapons
 a - a +0 mace (weapon)
Missiles
 d - 35 stones (quivered)
Armour
 b - a +0 robe (worn)
 i - a +2 pair of gloves (worn)
Jewellery
 k - a ring of flight
Scrolls
 c - a scroll of fog {unknown}
 e - 2 scrolls of teleportation {unknown}
 g - a scroll of identify {unknown}
Potions
 f - a potion of mutation {unknown}
 h - a potion of cancellation {unknown}
 j - a potion of brilliance {unknown}


   Skills:
 - Level 1.5 Dodging
 * Level 4.9 Stealth
 * Level 3.0 Spellcasting
 + Level 1.3 Conjurations
 - Level 1.0 Transmutations
 - Level 4.0 Poison Magic


You had 2 spell levels left.
You knew the following spells:

 Your Spells              Type           Power      Damage    Failure   Level
a - Sting                 Tmut/Pois      40%        1d5       7%          1
c - Mephitic Cloud        Conj/Pois/Air  8%         N/A       26%         3
C - Ignite Poison         Fire/Tmut/Pois 7%         N/A       28%         3

Your spell library contained the following spells:

 Spells                   Type           Power      Damage    Failure   Level
 Poisonous Vapours        Pois/Air       16%        N/A       12%         2
 Olgreb's Toxic Radiance  Pois           15%        N/A       34%         4


Dungeon Overview and Level Annotations

Branches:
Dungeon (2/15)

Altars:


Innate Abilities, Weirdness & Mutations

Your serpentine skin is tough. (AC +1)
You have supernaturally acute eyesight. (SInv)
Armour fits poorly on your strangely shaped body.
Your system is resistant to poisons. (rPois)
You cover ground very slowly.
You can spit poison.
You have a snake-like lower body.


Message History

A rat comes into view.
Unknown command.
Casting: Sting (safe; 7% risk of failure)
Confirm with . or Enter, or press ? or * to list all spells.
Aiming: Sting (safe; 7% risk of failure)
Press: ? - help, Shift-Dir - straight line, f - endoplasm
Aim: an endoplasm (98% to hit)
The sting hits the endoplasm.
The endoplasm is poisoned.
The endoplasm is lightly wounded.
You have got your breath back.
Casting: Sting (safe; 7% risk of failure)
Confirm with . or Enter, or press ? or * to list all spells.
Aiming: Sting (safe; 7% risk of failure)
Press: ? - help, Shift-Dir - straight line, f/p - endoplasm
Aim: an endoplasm (lightly wounded, poisoned, 98% to hit)
The sting hits the endoplasm.
The endoplasm looks even sicker.
The endoplasm is moderately wounded.
The endoplasm hits you but does no damage.
You hit the endoplasm.
You kill the endoplasm!
The rat bites you.
Press: ? - help, Shift-Dir - straight line, f - rat
Aim: a rat The splash of poison misses the rat.
The rat bites you.
Casting: Sting (safe; 7% risk of failure)
Confirm with . or Enter, or press ? or * to list all spells.
Aiming: Sting (safe; 7% risk of failure)
Press: ? - help, Shift-Dir - straight line, f/p - rat
Aim: a rat (71% to hit)
The sting hits the rat.
The rat is poisoned.
The rat is severely wounded.
You kill the rat!
Unknown command.
Things that are here:
a +0 dagger; a kobold corpse You have got your breath back.
HP restored.
Found a hunting sling.
k - a ring of flight Are you sure you want to abandon this character and quit the game? (Confirm with "yes".)

# ###########
#.###.........# .
...<..........######
....[....<......)...>#
##..#.#!###.##.[.###.#
......#...#......# #.#
.#...@...†##...# #.#
.............)...# #.#
##.#....#...###.## #.#
) #......###
#.####'### #..#.#.#
#.##...... .(..#.#.#
#..#...... #.#..#.#.#
##.#...... .....#.#.#
#.#...... #.#
#.#......


There were no monsters in sight!

Vanquished Creatures
  An adder (D:2)
  A dart slug (D:1)
  8 ball pythons
  6 bats (D:1)
  5 endoplasms
  A giant cockroach (D:1)
  4 goblins (D:1)
  5 hobgoblins
  11 jackals (D:1)
  3 kobolds (D:2)
  A quokka (D:1)
  5 frilled lizards
  3 rats
54 creatures vanquished.

Notes
Turn   | Place    | Note
-------+----------+-------------------------------------------
     0 | D:1      | Meow the Naga Venom Mage began the quest for the Orb.
     0 | D:1      | Reached XP level 1. HP: 15/15 MP: 3/3
   127 | D:1      | Reached XP level 2. HP: 22/22 MP: 3/5
   345 | D:1      | Reached XP level 3. HP: 28/28 MP: 4/6
   351 | D:1      | Learned a level 3 spell: Ignite Poison
   355 | D:1      | Learned a level 3 spell: Mephitic Cloud
   373 | D:1      | Reached skill level 1 in Conjurations
   796 | D:1      | Found a faded altar of an unknown god.
  1116 | D:2      | Reached XP level 4. HP: 35/36 MP: 4/8
  1296 | D:2      | Quit the game

Illustrated notes

Levels and vault maps discovered:
D:1:      scummos_arrival_checkerplants, layout_basic,
          shapermc_ecumenical_altar_venn
D:2:      layout_basic, minmay_surrounded

Skill      XL: |  1  2  3 |
---------------+----------+-----
Stealth        | 4 |  4.9
Conjurations   | 1 |  1.3
Spellcasting   | 3 |  3.0
Dodging        | |  1.5
Transmutations | |  1.0
Poison Magic   | |  4.0

Action                   |  1- 3 |  4- 6 || total
-------------------------+-------+-------++-------
Melee: Mace              |    16 |     6 ||    22
Throw: Stone             |     1 |     1 ||     2
 Cast: Sting             |    30 |     8 ||    38
 Abil: Spit Poison       |    42 |     8 ||    50
Armor: Robe              |    17 |     3 ||    20
Dodge: Dodged            |    36 |     5 ||    41

Table legend: (Time is in decaauts)
 A = Elapsed time spent in this place.
 B = Non-inter-level travel time spent in this place.
 C = Inter-level travel time spent in this place.
 D = Time resting spent in this place.
 E = Time spent auto-exploring this place.
 F = Levels seen in this place.
 G = Mean time per level.
                   A        B        C        D        E       F      G
               +--------+--------+--------+--------+--------+-----+--------+
         Total |   1699 |   1564 |    135 |    134 |   1009 |   2 |  849.5 |
       Dungeon |   1699 |   1564 |    135 |    134 |   1009 |   2 |  849.5 |
               +--------+--------+--------+--------+--------+-----+--------+

Top non-repeatable levels by time:
     D:1: 1273 daAuts
     D:2: 425 daAuts
